 Dungeon Crawl Stone Soup version 0.29.1-15-g9cfb28693d (webtiles) character file.

Game seed: 98098915490729755

374 javelincjr the Magician (level 6, 0/46 HPs)
             Began as a Demonspawn Hedge Wizard on Apr 7, 2023.
             Was an Initiate of Ashenzari.
             Succumbed to a scorpion's poison
             ... on level 4 of the Dungeon.
             The game lasted 00:09:24 (4112 turns).

javelincjr the Magician (Demonspawn Hedge Wizard)   Turns: 4112, Time: 00:09:24

Health: 0/46       AC:  2    Str: 11 (12) XL:     6   Next: 43%
Magic:  10/12      EV: 12    Int: 14 (15) God:    Ashenzari [......]
Gold:   155        SH:  0    Dex: 11 (13) Spells: 5/13 levels left

rFire   . . .      SeeInvis .   a - +0 dagger
rCold   . . .      Faith    .   (no shield)
rNeg    . . .      Spirit   .   b - +0 robe
rPois   .          Reflect  .   c - +0 hat
rElec   .          Harm     .   (no cloak)
rCorr   .          Rampage  .   (no gloves)
Will    .....                   (no boots)
Stlth   ++........              (no amulet)
HPRegen 0.15/turn               g - ring of the Sibylline Sky {Wiz, Bglg, Fort} (curse)
MPRegen 0.13/turn               (no ring)

@: lethally poisoned (0 -> -10)
A: powered by pain 1, spiny 1, weakness stinger 1
a: Renounce Religion, Shatter the Chains


You were on level 4 of the Dungeon.
You worshipped Ashenzari.
Ashenzari was noncommittal.
You visited 1 branch of the dungeon, and saw 4 of its levels.

You collected 155 gold pieces.

Inventory:

Hand Weapons
 a - a +0 dagger (weapon)
Armour
 b - a +0 robe (worn)
 c - a +0 hat (worn)
 x - a +0 buckler
Jewellery
 g - the cursed ring of the Sibylline Sky (left hand) {Wiz, Bglg, Fort}
   (You found it on level 1 of the Dungeon)

   [ring of wizardry]

   It improves your spell success rate.
   It has a curse which improves the following skills: Beguiling: Conjurations,
   Hexes and Translocations.
   Fortitude: Armour and Shields.
Wands
 z - a wand of charming (10)
Scrolls
 f - 4 scrolls of identify {unknown}
 h - a scroll of summoning {unknown}
 l - 2 scrolls of enchant weapon {unknown}
 m - a scroll of fear {unknown}
 n - a scroll of torment {unknown}
 o - a scroll of noise {unknown}
 p - a scroll of fog {unknown}
 r - a scroll of vulnerability {unknown}
 u - a scroll of immolation {unknown}
 w - a scroll of brand weapon {unknown}
 y - a scroll of teleportation {unknown}
Potions
 d - a potion of magic
 e - 2 potions of curing {unknown}
 i - a potion of heal wounds {unknown}
 j - 2 potions of attraction {unknown}
 k - 2 potions of degeneration
 q - a potion of mutation {unknown}
 s - a potion of berserk rage {unknown}
 t - a potion of haste {unknown}
 v - 2 potions of might {unknown}


   Skills:
 * Level 2.8 Fighting
 + Level 1.7(2.1) Armour
 + Level 2.5 Dodging
 - Level 1.7 Stealth
 * Level 4.1 Spellcasting
 + Level 2.3(2.7) Conjurations
 + Level 2.1 Summonings
 + Level 2.0(2.4) Translocations


You had 5 spell levels left.
You knew the following spells:

 Your Spells              Type           Power      Damage    Failure   Level
a - Magic Dart            Conj           40%        1d5       2%          1
b - Blink                 Tloc           18%        N/A       4%          2
c - Call Imp              Summ           9%         N/A       4%          2
d - Mephitic Cloud        Conj/Pois/Air  5%         N/A       16%         3

Your spell library contained the following spells:

 Spells                   Type           Power      Damage    Failure   Level
 Slow                     Hex            12%        N/A       8%          1
 Lesser Beckoning         Tloc           9%         N/A       9%          3
 Conjure Flame            Conj/Fire      6%         6-21      13%         3
 Manifold Assault         Tloc           9%         N/A       58%         5


Dungeon Overview and Level Annotations

Branches:
Dungeon (4/15)
 Temple: D:4-7

Altars:
Ashenzari

Shops:
D:2 (   D:4 !


Innate Abilities, Weirdness & Mutations

You sometimes gain a little power by taking damage.
You are partially covered in sharp spines.
You have a small tail.


Message History

The scorpion is severely wounded.
You feel sick. The scorpion is struck by your spines. The scorpion stings you.
You are more poisoned.
The scorpion poisons you! The scorpion is struck by your spines.
The scorpion stings you!
You are lethally poisoned!
The scorpion poisons you! The endoplasm is struck by your spines.
The endoplasm barely misses you.
You are too injured to fight recklessly!
You are too injured to fight recklessly!
You are too injured to fight recklessly!
You are too injured to fight recklessly!
You are too injured to fight recklessly!
You are too injured to fight recklessly!
You are too injured to fight recklessly!
You are too injured to fight recklessly!
You are too injured to fight recklessly!
You are too injured to fight recklessly!
You are too injured to fight recklessly!
You are too injured to fight recklessly!
* * * LOW HITPOINT WARNING * * *
You feel very sick. The scorpion is struck by your spines.
You kill the scorpion!
The endoplasm freezes you.
You are frozen.
* * * LOW HITPOINT WARNING * * *
There is an escape hatch in the ceiling here.
You hit the endoplasm.
You kill the endoplasm!
* * * LOW HITPOINT WARNING * * *
You feel very sick.
Found a robe.
* * * LOW HITPOINT WARNING * * *
You feel sick.
There is an entrance to Holl's Distillery here.
It was a potion of degeneration.
There was something very wrong with that liquid.
You feel weakened.
You feel dopey.
You feel clumsy.
You die...

.......... ........... #
## ........... .. .###
.####.... ... ..# #....
.... #.# #.... .....
#8############....
[.....+............'....
.....8.@<8.#########....
......................(.
.......8################
........# .[.......
####+####


There were no monsters in sight!

Vanquished Creatures
  2 necrophages (D:4)
  A scorpion (D:4)
  2 hounds (D:4)
  A jelly (D:4)
  2 adders
  2 worms
  5 dart slugs
  6 bats
  5 endoplasms
  6 giant cockroaches
  4 goblins
  5 hobgoblins
  9 jackals
  7 ball pythons
  14 frilled lizards
  6 kobolds
  2 rats (D:1)
79 creatures vanquished.

Vanquished Creatures (others)
  7 plants (D:2)
7 creatures vanquished.

Grand Total: 86 creatures vanquished

Notes
Turn   | Place    | Note
-------+----------+-------------------------------------------
     0 | D:1      | javelincjr the Demonspawn Hedge Wizard began the quest for
                  | the Orb.
     0 | D:1      | Reached XP level 1. HP: 13/13 MP: 4/4
   244 | D:1      | Found a faded altar of an unknown god.
   247 | D:1      | Prayed at the altar of an unknown god.
   247 | D:1      | Became a worshipper of Ashenzari the Shackled
   290 | D:1      | Reached skill level 1 in Translocations
   374 | D:1      | Gained mutation: You are partially covered in sharp spines.
                  | [demonic ancestry]
   374 | D:1      | Reached XP level 2. HP: 17/20 MP: 6/6
   879 | D:1      | Reached skill level 1 in Fighting
  1367 | D:1      | Reached XP level 3. HP: 26/26 MP: 2/7
  1697 | D:2      | Found Cabboa's Antique Weapon Shoppe.
  2330 | D:2      | Reached skill level 1 in Armour
  2515 | D:3      | Gained mutation: You sometimes gain a little power by
                  | taking damage. [demonic ancestry]
  2515 | D:3      | Reached XP level 4. HP: 32/32 MP: 2/9
  3564 | D:4      | Noticed a necrophage
  3584 | D:4      | Killed a necrophage
  3585 | D:4      | Reached XP level 5. HP: 38/38 MP: 1/10
  3673 | D:4      | Learned a level 2 spell: Blink
  3676 | D:4      | Learned a level 2 spell: Call Imp
  3680 | D:4      | Learned a level 3 spell: Mephitic Cloud
  3865 | D:4      | Reached skill level 4 in Spellcasting
  3865 | D:4      | Gained mutation: You have a small tail. [demonic ancestry]
  3865 | D:4      | Reached XP level 6. HP: 45/46 MP: 3/12
  4096 | D:4      | Found Holl's Distillery.
  4112 | D:4      | Succumbed to a scorpion's poison

Illustrated notes

Levels and vault maps discovered:
D:1:      nzn_arrival_depleted_hourglass, layout_basic, basic_ecumenical_altar
D:2:      layout_rooms, serial_shops, shop, minmay_lizard_king
D:3:      layout_loops_ring, kennysheep_generic_room_11
D:4:      layout_basic, serial_shops, nicolae_shop_statue_plus

Skill      XL: |  1  2  3  4  5  6 |
---------------+-------------------+-----
Translocations | 1 2 |  2.0
Fighting       | 1 2 |  2.8
Dodging        | 2 |  2.5
Armour         | 1 |  1.7
Conjurations   | 2 |  2.3
Summonings     | 2 |  2.1
Spellcasting   | 4 |  4.1
Stealth        | |  1.7

Action                   |  1- 3 |  4- 6 || total
-------------------------+-------+-------++-------
Melee: Dagger            |    62 |    24 ||    86
       Tailslap          |       |     1 ||     1
 Cast: Magic Dart        |    91 |    84 ||   175
Invok: Curse Item        |       |     1 ||     1
  Use: Potion            |       |     1 ||     1
 Stab: Sleeping          |     2 |       ||     2
Armor: Robe              |    10 |     6 ||    16
Dodge: Dodged            |    42 |    32 ||    74
